 Dungeon Crawl Stone Soup version 0.28-a0-655-g4eb62b627b (webtiles) character file.

Game seed: 955708217994172988

256 bande the Covered (level 6, -1/38 HPs)
             Began as a Gargoyle Fighter on Oct 13, 2021.
             Slain by Crazy Yiuf (7 damage)
             ... on level 3 of the Dungeon.
             The game lasted 00:04:13 (3101 turns).

bande the Covered (Gargoyle Fighter)                Turns: 3101, Time: 00:04:14

Health: -1/38      AC: 14    Str: 20    XL:     6   Next: 15%
Magic:  5/6        EV:  7    Int:  9    God:
Gold:   95         SH:  4    Dex: 10    Spells: 5/5 levels left

rFire   . . .      SeeInvis .   a - +0 war axe (freeze)
rCold   . . .      Faith    .   c - +0 buckler
rNeg    + . .      Spirit   .   g - +0 chain mail
rPois   ∞          Reflect  .   (no helmet)
rElec   +          Harm     .   (no cloak)
rCorr   .          Rampage  .   (no gloves)
Will    .....                   (no boots)
Stlth   ..........              (no amulet)
HPRegen 0.12/turn               (no ring)
MPRegen 0.10/turn               (no ring)

@: no status effects
A: sickness immunity, AC +4, negative energy resistance 1, electricity
resistance, torment resistance 1, petrification resistance
a: no special abilities


You were on level 3 of the Dungeon.
You visited 1 branch of the dungeon, and saw 3 of its levels.

You collected 95 gold pieces.

Inventory:

Hand Weapons
 a - a +0 war axe of freezing (weapon)
Armour
 c - a +0 buckler (worn)
 g - a +0 chain mail (worn)
Scrolls
 f - a scroll of identify
 k - a scroll of amnesia {unknown}
Potions
 b - 2 potions of curing {unknown}
 d - a potion of might
 e - a potion of heal wounds {unknown}
 h - 3 potions of cancellation {unknown}
 i - a potion of brilliance {unknown}
 j - a potion of lignification {unknown}


   Skills:
 + Level 4.0 Fighting
 + Level 4.0 Axes
 + Level 4.7 Armour
 - Level 0.2 Stealth
 + Level 4.0 Shields


You had 5 spell levels left.
You didn't know any spells.
Your spell library contained the following spells:

 Spells                   Type           Power      Damage    Failure   Level
 Ozocubu's Armour         Ice            0%         N/A       100%        3
 Petrify                  Tmut/Erth      0%         N/A       100%        4
 Metabolic Englaciation   Hex/Ice        0%         N/A       100%        5
 Ozocubu's Refrigeration  Ice            0%         4d5       100%        7
 Statue Form              Tmut/Erth      Unusable   N/A       N/A         6

Dungeon Overview and Level Annotations

Branches:
Dungeon (3/15)

Altars:

Annotations:
D:3 Crazy Yiuf


Innate Abilities, Weirdness & Mutations

You are immune to sickness and miasma.
Your stone body is resilient. (AC +4)
You are immune to poison.
You resist negative energy. (rN+)
You are resistant to electric shocks. (rElec)
You are resistant to unholy torment.
You are immune to petrification.


Message History

a +0 dagger; a +0 robe You now have 95 gold pieces (gained 12).
k - a scroll labelled JIAREDWASS
Found a mace.
Found a runed translucent door.
Crazy Yiuf shouts!
Crazy Yiuf laughs, "Cake rumpyflump Xom!"
Things that are here:
a +0 dagger; a +0 robe
Found a stone staircase leading up.
There is a stone staircase leading down here.
There is an open door here.
There is a stone staircase leading down here.
Found a stone staircase leading up.
Things that are here:
a +0 dagger; a +0 robe Crazy Yiuf shouts!
Could not explore, unopened runed door.
You open the door.
Crazy Yiuf cries, "Castle disdain hand!"
There is an open translucent door here.
You barely miss Crazy Yiuf.
Crazy Yiuf hits you with a +4 quarterstaff of chaos!
Crazy Yiuf freezes you. Crazy Yiuf hits you but does no damage.
Your chain mail prevents you from hitting Crazy Yiuf.
Crazy Yiuf barely misses you.
Your chain mail prevents you from hitting Crazy Yiuf.
Crazy Yiuf sings, "Trees, trees, trees, circus!"
Crazy Yiuf hits you with a +4 quarterstaff of chaos!
Crazy Yiuf burns you.
* * * LOW HITPOINT WARNING * * *
You hit Crazy Yiuf but do no damage. Crazy Yiuf barely misses you.
Crazy Yiuf hits you with a +4 quarterstaff of chaos.
* * * LOW HITPOINT WARNING * * *
You feel your power leaking away.
You barely miss Crazy Yiuf. Crazy Yiuf barely misses you.
You slash Crazy Yiuf! You freeze Crazy Yiuf.
Crazy Yiuf is almost dead.
Crazy Yiuf whimpers, "Goober!
Action meccalolo shoe."
Crazy Yiuf hits you with a +4 quarterstaff of chaos!
You die...

###### *#### ##...P## ###..)#
#....P.####.@g..#
#####.......#..##...# ######
.........P.#.###*#### ######.....
.############# #.......... .#
#.......... .# ##### ###
####......####
.###...######.######.........####
.##....+....#.#...###########....
.##....###....#...# #....


You could see Crazy Yiuf.

Vanquished Creatures
  A black bear (D:3)
  An orc priest (D:3)
  Jessica (D:3)
  2 orc wizards (D:3)
  3 adders
  3 orcs (D:3)
  5 bats
  An endoplasm (D:1)
  A giant cockroach (D:2)
  3 hobgoblins
  4 jackals (D:2)
  6 kobolds
  3 quokkas
  5 ball pythons
  4 frilled lizards
  5 goblins
  5 rats
53 creatures vanquished.

Notes
Turn   | Place    | Note
-------+----------+-------------------------------------------
     0 | D:1      | bande the Gargoyle Fighter began the quest for the Orb.
     0 | D:1      | Reached XP level 1. HP: 14/14 MP: 1/1
   233 | D:1      | Reached XP level 2. HP: 19/19 MP: 2/2
  1234 | D:2      | Reached XP level 3. HP: 19/23 MP: 3/3
  2073 | D:2      | Reached XP level 4. HP: 28/29 MP: 4/4
  2290 | D:3      | Found a faded altar of an unknown god.
  2405 | D:3      | Reached XP level 5. HP: 27/33 MP: 5/5
  2553 | D:3      | Noticed a black bear
  2561 | D:3      | Killed a black bear
  2562 | D:3      | Reached XP level 6. HP: 27/38 MP: 6/6
  2792 | D:3      | Noticed Jessica
  2796 | D:3      | Killed Jessica
  2853 | D:3      | Found a runed translucent door.
  2854 | D:3      | Noticed Crazy Yiuf
  3101 | D:3      | Slain by Crazy Yiuf

Illustrated notes

Levels and vault maps discovered:
D:1:      amcnicky_arrival_abandoned_market, layout_basic,
          minmay_misc_feat_tower, st_stairs_4
D:2:      layout_loops_cross, minmay_tetromino_t4
D:3:      layout_basic, shapermc_ecumenical_altar_totnotflames, uniq_jessica,
          uniq_crazy_yiuf_cottage

Skill      XL: |  1  2  3  4  5  6 |
---------------+-------------------+-----
Axes           | 2 3 4 |  4.0
Armour         | 4 |  4.7
Fighting       | 4 |  4.0
Shields        | 4 |  4.0
Stealth        | |  0.2

Action                   |  1- 3 |  4- 6 || total
-------------------------+-------+-------++-------
Melee: War axe           |   127 |    54 ||   181
  Use: Scroll            |     3 |     3 ||     6
       Potion            |       |     1 ||     1
Armor: Scale mail        |    49 |       ||    49
       Chain mail        |    65 |    44 ||   109
Dodge: Dodged            |    77 |    15 ||    92
Block: Buckler           |    43 |     8 ||    51

Table legend: (Time is in decaauts)
 A = Elapsed time spent in this place.
 B = Non-inter-level travel time spent in this place.
 C = Inter-level travel time spent in this place.
 D = Time resting spent in this place.
 E = Time spent auto-exploring this place.
 F = Levels seen in this place.
 G = Mean time per level.
                   A        B        C        D        E       F      G
               +--------+--------+--------+--------+--------+-----+--------+
         Total |   3171 |   3018 |    153 |    140 |   2366 |   3 | 1057.0 |
       Dungeon |   3171 |   3018 |    153 |    140 |   2366 |   3 | 1057.0 |
               +--------+--------+--------+--------+--------+-----+--------+

Top non-repeatable levels by time:
     D:1: 1168 daAuts
     D:3: 1002 daAuts
     D:2: 999 daAuts
